 Dungeon Crawl Stone Soup version 0.31-a0-426-g3a05650e59 (webtiles) character file.

Game seed: 7805610830451973388

69 Newt the Shooter (level 4, 0/29 HPs)
             Began as a Kobold Hunter on July 30, 2023.
             Slain by a worm (10 damage)
             ... on level 2 of the Dungeon.
             The game lasted 00:01:12 (1170 turns).

Newt the Shooter (Kobold Hunter)                    Turns: 1170, Time: 00:01:12

Health: 0/29       AC:  3    Str:  8    XL:     4   Next: 42%
Magic:  4/4        EV: 14    Int: 10    God:
Gold:   111        SH:  0    Dex: 20    Spells: 3/3 levels left

rFire   . . .        a - +0 shortbow
rCold   . . .        (shield currently unavailable)
rNeg    . . .        c - +0 leather armour
rPois   .            (no helmet)
rElec   .            (no cloak)
rCorr   .            (no gloves)
SInv    .            (no boots)
Will    .....        (no amulet)
Stlth   +++          (no ring)
HPRegen 0.24/turn    (no ring)
MPRegen 0.09/turn

%: no passive effects
@: no status effects
A: small, no large weapons, nightstalker 3
a: no special abilities


You were on level 2 of the Dungeon.
You visited 1 branch of the dungeon, and saw 2 of its levels.

You collected 111 gold pieces.

Inventory:

Hand Weapons
 a - a +0 shortbow (weapon)
Missiles
 m - a throwing net
Armour
 c - a +0 leather armour (worn)
Jewellery
 l - a ring of resist corrosion
Talismans
 h - a beast talisman
Scrolls
 b - a scroll of butterflies
 f - a scroll of immolation {unknown}
Potions
 d - a potion of attraction {unknown}
 e - 2 potions of mutation {unknown}
 g - a potion of ambrosia {unknown}
 i - a potion of heal wounds {unknown}
 j - a potion of magic {unknown}
 k - a potion of curing {unknown}
 n - a potion of degeneration {unknown}


   Skills:
 - Level 4.0 Fighting
 + Level 6.2 Ranged Weapons
 - Level 2.4 Dodging
 - Level 1.3 Stealth


You had 3 spell levels left.
You didn't know any spells.
Your spell library contained the following spells:

 Spells                   Type           Power      Damage    Failure   Level
 Lesser Beckoning         Tloc           0%         N/A       63%         2
 Gell's Gravitas          Tloc           0%         N/A       86%         3
 Teleport Other           Tloc           0%         N/A       86%         3


Dungeon Overview and Level Annotations

Branches:
Dungeon (2/15)

Altars:
Kikubaaqudgha


Innate Abilities, Weirdness & Mutations

You are small and have problems with some larger weapons.
You are completely attuned to the shadows.


Message History

The goblin hits you with a +0 club. x2
* * * LOW HITPOINT WARNING * * *
You shoot an arrow. The arrow barely misses the goblin.
The goblin barely misses you.
You shoot an arrow. The arrow hits the goblin.
You kill the goblin!
You start resting.
A worm comes into view.
A worm is nearby!
You are too injured to fight recklessly!
Fire: a) +0 shortbow
Press: ? - help, Shift-Dir - straight line, f - worm
Aim: a worm (82% to hit)
You shoot an arrow. The arrow barely misses the worm.
Unknown command.
Fire: a) +0 shortbow
Press: ? - help, Shift-Dir - straight line, f/p - worm
Aim: a worm (82% to hit)
You shoot an arrow. The arrow hits the worm.
The worm is lightly wounded.
Unknown command.
Fire: a) +0 shortbow
Press: ? - help, Shift-Dir - straight line, f/p - worm
Aim: a worm (lightly wounded, 82% to hit)
You shoot an arrow. The arrow hits the worm.
The worm is heavily wounded.
Unknown command.
Fire: a) +0 shortbow
Press: ? - help, Shift-Dir - straight line, f/p - worm
Aim: a worm (heavily wounded, 82% to hit)
You shoot an arrow. The arrow hits the worm.
The worm is heavily wounded.
Unknown command.
Fire: a) +0 shortbow
Press: ? - help, Shift-Dir - straight line, f/p - worm
Aim: a worm (heavily wounded, 82% to hit)
You shoot an arrow. The arrow hits the worm.
The worm is almost dead.
The worm bites you!
You die...

#.###.....########
#
#.##.............#
#
#....##'#........#
#
#######......(...#
# #.#.######## #
###.# #)# #)# #@#
#w# ####.# #)g..#
#.####.# #..)ggg#
#####gg. #g


You could see a worm.

Vanquished Creatures
  Robin (D:2)
  A dart slug (D:1)
  2 endoplasms (D:1)
  3 giant cockroaches (D:1)
  13 goblins
  7 hobgoblins
  5 quokkas
  3 ball pythons
  3 bats
  5 frilled lizards
  3 kobolds
  5 rats
51 creatures vanquished.

Notes
Turn   | Place    | Note
-------+----------+-------------------------------------------
     0 | D:1      | Newt the Kobold Hunter began the quest for the Orb.
     0 | D:1      | Reached XP level 1. HP: 12/12 MP: 1/1
    51 | D:1      | Reached XP level 2. HP: 18/18 MP: 2/2
    75 | D:1      | Found an ancient bone altar of Kikubaaqudgha.
   377 | D:1      | Reached XP level 3. HP: 23/23 MP: 3/3
   818 | D:2      | Found a faded altar of an unknown god.
  1108 | D:2      | Noticed Robin
  1109 | D:2      | Reached XP level 4. HP: 28/29 MP: 4/4
  1131 | D:2      | Reached skill level 6 in Ranged Weapons
  1137 | D:2      | Killed Robin
  1170 | D:2      | Slain by a worm

Illustrated notes

Levels and vault maps discovered:
D:1:      dpeg_arrival_prison, layout_basic, minmay_hexomino_r4
D:2:      layout_basic, ebering_ecumenical_altar_abandoned,
          chequers_serial_rivers_room_a, uniq_robin

Skill      XL: |  1  2  3  4 |
---------------+-------------+-----
Fighting       | 3 4 |  4.0
Ranged Weapons | 6 |  6.2
Dodging        | |  2.4
Stealth        | |  1.3

Action                     |  1- 3 |  4- 6 || total
---------------------------+-------+-------++-------
   Fire: Shortbow          |    83 |    33 ||   116
 Armour: Leather armour    |     3 |     6 ||     9
  Dodge: Dodged            |    16 |    21 ||    37

Table legend: (Time is in decaauts)
 A = Elapsed time spent in this place.
 B = Non-inter-level travel time spent in this place.
 C = Inter-level travel time spent in this place.
 D = Time resting spent in this place.
 E = Time spent auto-exploring this place.
 F = Levels seen in this place.
 G = Mean time per level.
                   A        B        C        D        E       F      G
               +--------+--------+--------+--------+--------+-----+--------+
         Total |   1190 |   1130 |     60 |     21 |    903 |   2 |  595.0 |
       Dungeon |   1190 |   1130 |     60 |     21 |    903 |   2 |  595.0 |
               +--------+--------+--------+--------+--------+-----+--------+

Top non-repeatable levels by time:
     D:1: 828 daAuts
     D:2: 362 daAuts
